 Dungeon Crawl Stone Soup version 0.31.0-9-g3a7656b989 (webtiles) character file.

Game seed: 878050029346606481

19 qw the Shooter (level 2, 0/16 HPs)
             Began as a Deep Elf Hunter on Feb 2, 2024.
             Succumbed to their own poison gas
             ... on level 1 of the Dungeon.
             The game lasted 00:00:02 (695 turns).

qw the Shooter (Deep Elf Hunter)                     Turns: 695, Time: 00:00:02

Health: 0/16       AC:  6    Str:  8    XL:     2   Next: 55%
Magic:  4/4        EV: 10    Int: 13    God:
Gold:   82         SH:  0    Dex: 18    Spells: 1/1 levels left

rFire   . . .        a - +0 shortbow
rCold   . . .        (shield currently unavailable)
rNeg    . . .        j - +1 ring mail
rPois   .            (no helmet)
rElec   .            (no cloak)
rCorr   .            (no gloves)
SInv    .            (no boots)
Will    .....        (no amulet)
Stlth   +            (no ring)
HPRegen 0.22/turn    (no ring)
MPRegen 0.09/turn

%: no passive effects
@: lethally poisoned (0 -> -5)
A: no striking features
a: no special abilities


You were on level 1 of the Dungeon.
You visited 1 branch of the dungeon, and saw 1 of its levels.

You collected 82 gold pieces.


   Skills:
 - Level 1.5 Fighting
 + Level 6.3 Ranged Weapons
 - Level 2.4 Dodging
 - Level 1.2 Stealth


You had one spell level left.
You didn't know any spells.
Your spell library was empty.

Inventory:

Hand Weapons
 a - a +0 shortbow (weapon)
Armour
 j - a +1 ring mail (worn)
Potions
 e - a potion of attraction {unknown}

Dungeon Overview and Level Annotations

Branches:
Dungeon (1/15)

Altars:


Message History

Done exploring.
587 ||| READING scroll labelled DEDEBB JOFA.
As you read the scroll labelled DEDEBB JOFA, it crumbles to dust.
A profound silence engulfs you.
It was a scroll of silence.
You start waiting.
Your hearing returns.
Done waiting.
Done exploring.
688 ||| READING scroll labelled NUUPHI REAXE.
The air fills with toxic fumes!
As you read the scroll labelled NUUPHI REAXE, it crumbles to dust.
It was a scroll of poison.
Done exploring.
689 ||| DROPPING scroll of butterflies.
You drop a scroll of butterflies.
Done exploring.
What level of the Dungeon? (default 1, ? - help) Sorry, I don't know how to get there.
Enter note:
Enter note:
Enter note:
Enter note:
Enter note:
Enter note:
Enter note:
Enter note:
Enter note: You are engulfed in poison gas.
You are lethally poisoned!
You feel very sick.
691 ||| Stepping ~*~*~tactically~*~*~ (cloud).
You feel very sick.
Items here: == ? [[.
There is a lethal amount of poison in your body!
You feel sick.
There is a lethal amount of poison in your body!
You feel sick.
There is a lethal amount of poison in your body!
You feel sick.
There is a lethal amount of poison in your body!
You die...

############# ###
##..¤¤00¤¤¤¤¤# #.###
#...#0¤¤0¤¤¤0# #...#
#...#¤¤¤¤¤¤0¤# #....
##...#¤¤¤¤¤¤0¤######.##
#...##¤0¤¤¤¤¤¤.........
##...##¤¤0¤¤¤¤¤####...##
#...###0¤¤¤00¤¤# #......
##...#
#@¤¤¤¤¤¤¤###.#....
##...##
#¤#######....#....
##...##
#¤######..###.....
##...##
#0##.....#........
##...##
####.#####.###.>..
#...## ###.[# #.#......
##)..#
#...######.#.##.>.
#...##
#..##......#.##...
##...#
##...........#####


There were no monsters in sight!

Vanquished Creatures
  A dart slug (D:1)
  A bat (D:1)
  3 goblins (D:1)
  3 jackals (D:1)
  3 kobolds (D:1)
  A quokka (D:1)
  A frilled lizard (D:1)
  2 rats (D:1)
15 creatures vanquished.

Notes
Turn   | Place    | Note
-------+----------+-------------------------------------------
     0 | D:1      | qw the Deep Elf Hunter began the quest for the Orb.
     0 | D:1      | Reached XP level 1. HP: 12/12 MP: 3/3
     0 | D:1      | 0 ||| qw: Version: 0.3-a-155-g5e7d8dd
     0 | D:1      | 0 ||| qw: Game counter: 2571
     0 | D:1      | 0 ||| qw: Melee chars always use a shield: true
     0 | D:1      | 0 ||| qw: God list: Okawaru
     0 | D:1      | 0 ||| qw: Allow faded altars: false
     0 | D:1      | 0 ||| qw: Do Orc after clearing Dungeon:15 true
     0 | D:1      | 0 ||| qw: Do second Lair branch before Depths: true
     0 | D:1      | 0 ||| qw: Lair rune preference: random
     0 | D:1      | 0 ||| qw: Goals: Normal
     0 | D:1      | 0 ||| PLANNING D:1-11
   106 | D:1      | Reached skill level 6 in Ranged Weapons
   106 | D:1      | Reached XP level 2. HP: 12/16 MP: 4/4
   562 | D:1      | 562 ||| UPGRADING to +0 scale mail.
   572 | D:1      | 572 ||| DROPPING +0 leather armour.
   573 | D:1      | 573 ||| UPGRADING to +0 ring mail.
   583 | D:1      | 583 ||| DROPPING +0 scale mail.
   584 | D:1      | 584 ||| DROPPING ring of flight.
   585 | D:1      | 585 ||| DROPPING +6 ring of intelligence.
   586 | D:1      | 586 ||| READING scroll labelled BEORUI GOERO.
   586 | D:1      | 586 ||| ENCHANTING +0 ring mail.
   587 | D:1      | 587 ||| READING scroll labelled DEDEBB JOFA.
   688 | D:1      | 688 ||| READING scroll labelled NUUPHI REAXE.
   689 | D:1      | 689 ||| DROPPING scroll of butterflies.
   691 | D:1      | 691 ||| Stepping ~*~*~tactically~*~*~ (cloud).
   693 | D:1      | HP: 3/16 [poisoned by you (poison gas)]
   694 | D:1      | HP: 1/16 [poisoned by you (poison gas)]
   695 | D:1      | Succumbed to their own poison gas

Levels and vault maps discovered:
D:1:      wander_arrival_lonely_grave, layout_rooms, serial_curves,
          eino_curves_03, eino_curves_01, minmay_misc_feat_roman, st_stairs_8

Skill      XL: |  1 |
---------------+----+-----
Ranged Weapons | 6 |  6.3
Fighting       | |  1.5
Dodging        | |  2.4
Stealth        | |  1.2

Action                     || total
---------------------------++-------
   Fire: Shortbow          ||    42
    Use: Scroll            ||     3
 Armour: Leather armour    ||     4
  Dodge: Dodged            ||    15

Table legend:
 A = Non-vault XP
 B = Vault XP
 C = Vault XP percentage of total XP
 D = Non-vault monster count
 E = Vault monster count
 F = Vault count percentage of total count
                 A         B        C        D         E       F
            +---------+---------+-------+---------+---------+-------
      Total |      26 |       2 |   7.1 |      14 |       1 |   6.7
            +---------+---------+-------+---------+---------+-------
        D:1 |      26 |       2 |   7.1 |      14 |       1 |   6.7
            +---------+---------+-------+---------+---------+-------
